 Dungeon Crawl Stone Soup version 0.29.1-15-g9cfb28693d (webtiles) character file.

Game seed: 2356518074418594379

1641129 MacCMillion the Rhythm of Life and Death (level 27, 187/187 HPs)
             Began as a Vine Stalker Fighter on Feb 27, 2023.
             Was a Follower of Uskayaw.
             Escaped with the Orb
             ... and 3 runes!
             The game lasted 04:16:46 (75185 turns).

MacCMillion the Rhythm of Life and Death (VSFi)    Turns: 75185, Time: 04:16:46

Health: 187/187    AC: 49    Str: 35    XL:     27
Magic:  41/41      EV: 13    Int: 11    God:    Uskayaw [*.....]
Gold:   6570       SH: 20    Dex: 19    Spells: 36/36 levels left

rFire   . . .      SeeInvis .   s - +8 Vampire's Tooth {vamp}
rCold   + . .      Faith    +   y - +5 kite shield
rNeg    . . .      Spirit   +   x - +8 orange crystal plate armour {Archmagi, Int+3 Clar}
rPois   +          Reflect  .   C - +2 helmet
rElec   +          Harm     .   Y - +2 cloak {rPois}
rCorr   +          Rampage  +   j - +2 pair of gloves
Will    ++++.      Archmagi +   h - +2 pair of boots {rampage}
Stlth   +......... Clarity  +   b - amulet of faith
HPRegen 1.21/turn               G - ring "Veziwn" {rF+ rCorr Str+5}
MPRegen 0.27/turn               l - ring "Senewuj" {Ice rElec Will+ Dex+2}

@: studying 2 skills
A: fangs 3, regeneration 1, magic shield, antimagic bite, no potion heal 2,
deterioration 1, robust 1
0: Orb of Zot
}: 3/15 runes: serpentine, barnacled, silver
a: Renounce Religion, Stomp


You escaped.
You worshipped Uskayaw.
Uskayaw was exalted by your worship.
You visited 11 branches of the dungeon, and saw 51 of its levels.
You visited 1 bazaar.
You also visited: Bailey, Ice Cave and Desolation.

You collected 10163 gold pieces.
You spent 3593 gold pieces at shops.

Inventory:

Hand Weapons
 s - the +8 Vampire's Tooth (weapon) {vamp}
   (You bought it in a shop on level 2 of the Orcish Mines)

   It occasionally heals its wielder for the full amount of damage dealt when it
   wounds a living foe.
 T - a +9 quick blade of freezing
Armour
 h - a +2 pair of boots of rampaging (worn)
 j - a +2 pair of gloves (worn)
 x - the +8 orange crystal plate armour (worn) {Archmagi, Int+3 Clar}
   (You found it on level 1 of the Vaults)

   Int:       It affects your intelligence (+3).
   Clar:      It protects you against confusion.
 y - a +5 kite shield (worn)
 C - a +2 helmet (worn)
 V - the +0 helmet of Ifiomevo {rF- Will++ Dex+2 Stlth+}
   (You found it on level 3 of the Vaults)

   Dex:       It affects your dexterity (+2).
   rF:        It makes you vulnerable to fire.
   Will:      It greatly increases your willpower.
   Stlth:     It makes you more stealthy.
 Y - a +2 cloak of poison resistance (worn)
Jewellery
 b - an amulet of faith (around neck)
 g - the ring of Ofaim {rF+ Int+5}
   (You took it off a deep elf master archer on level 3 of the Elven Halls)

   [ring of protection from fire]

   Int:       It affects your intelligence (+5).
   rF:        It protects you from fire.
 k - a ring of poison resistance
 l - the ring "Senewuj" (right hand) {Ice rElec Will+ Dex+2}
   (You found it in the Desolation of Salt)

   [ring of ice]

   It enhances your ice magic.
   Dex:       It affects your dexterity (+2).
   rF:        It makes you vulnerable to fire.
   rC:        It protects you from cold.
   rElec:     It insulates you from electricity.
   Will:      It increases your willpower.
 D - a ring of flight
 E - a ring of protection from fire
 G - the ring "Veziwn" (left hand) {rF+ rCorr Str+5}
   (You took it off a ragged hierophant in the Desolation of Salt)

   [ring of resist corrosion]

   Str:       It affects your strength (+5).
   rF:        It protects you from fire.
   rCorr:     It protects you from acid and corrosion.
 M - the ring of Vampiric Thralls {rN+++ Will+++ MP+9 Int-3 Slay-2}
   (You bought it in a shop on level 2 of the Snake Pit)

   [ring of magical power]

   Int:       It affects your intelligence (-3).
   Slay:      It affects your accuracy & damage with ranged weapons and melee
   (-2).
   rN:        It renders you almost immune to negative energy.
   MP:        It affects your magic capacity (+9).
   Will:      It greatly increases your willpower.
 N - the ring of Giddon {rElec rF- Will+ Str+6 Stlth+}
   (You found it on level 1 of the Vaults)

   [ring of strength]

   Str:       It affects your strength (+6).
   rF:        It makes you vulnerable to fire.
   rElec:     It insulates you from electricity.
   Will:      It increases your willpower.
   Stlth:     It makes you more stealthy.
Wands
 e - a wand of digging (18)
 Q - a wand of iceblast (40)
 Z - a wand of light (51)
Scrolls
 a - 4 scrolls of blinking
 m - 14 scrolls of amnesia
 n - 25 scrolls of teleportation
 o - 12 scrolls of magic mapping
 r - 8 scrolls of torment
 t - 8 scrolls of immolation
 u - 3 scrolls of vulnerability
 v - 2 scrolls of enchant armour
 w - 11 scrolls of butterflies
 F - 4 scrolls of silence
 H - 9 scrolls of fear
 I - 5 scrolls of summoning
 L - 10 scrolls of poison
 R - 44 scrolls of identify
Potions
 c - 6 potions of resistance
 d - 10 potions of might
 f - 4 potions of mutation
 i - 5 potions of lignification
 p - 7 potions of ambrosia
 q - 20 potions of curing
 z - 13 potions of flight
 A - 8 potions of haste
 O - 15 potions of brilliance
 P - 9 potions of berserk rage
 S - 9 potions of attraction
 U - 5 potions of magic
 W - 4 potions of invisibility
Miscellaneous
 B - a condenser vane
 J - a phantom mirror
 K - a tin of tremorstones (2/2)
 X - a phial of floods


   Skills:
 + Level 25.6 Fighting
 - Level 10.0 Short Blades
 - Level 19.0 Armour
 - Level 12.0 Dodging
 - Level 20.0 Stealth
 - Level 17.0 Shields
 - Level 5.0 Spellcasting
 O Level 27 Invocations
 - Level 5.0 Evocations


You had 36 spell levels left.
You didn't know any spells.
Your spell library contained the following spells:

 Spells                   Type           Power      Damage    Failure   Level
 Apportation              Tloc           8%         N/A       95%         1
 Beastly Appendage        Tmut           8%         N/A       95%         1
 Foxfire                  Conj/Fire      16%        2x1d4     95%         1
 Freeze                   Ice            24%        1d5       95%         1
 Magic Dart               Conj           16%        1d3       95%         1
 Necrotise                Necr           16%        1d4       95%         1
 Sandblast                Erth           8%         2d5       95%         1
 Shock                    Conj/Air       16%        1d4       95%         1
 Slow                     Hex            16%        N/A       95%         1
 Sting                    Tmut/Pois      16%        1d3       95%         1
 Summon Small Mammal      Summ           16%        N/A       95%         1
 Blink                    Tloc           8%         N/A       99%         2
 Call Imp                 Summ           4%         N/A       99%         2
 Ensorcelled Hibernation  Hex/Ice        12%        N/A       99%         2
 Passwall                 Tmut/Erth      3%         N/A       99%         2
 Poisonous Vapours        Pois/Air       8%         N/A       99%         2
 Searing Ray              Conj           8%         2d4       99%         2
 Static Discharge         Conj/Air       4%         3-4/arc   99%         2
 Wereblood                Tmut           4%         N/A       99%         2
 Call Canine Familiar     Summ           4%         N/A       100%        3
 Confusing Touch          Hex            4%         N/A       100%        3
 Conjure Flame            Conj/Fire      4%         6-21      100%        3
 Dazzling Flash           Conj/Hex       8%         N/A       100%        3
 Frozen Ramparts          Ice            12%        1d2       100%        3
 Gell's Gravitas          Tloc           4%         N/A       100%        3
 Ignite Poison            Fire/Tmut/Pois 4%         N/A       100%        3
 Inner Flame              Hex/Fire       4%         N/A       100%        3
 Lesser Beckoning         Tloc           4%         N/A       100%        3
 Mephitic Cloud           Conj/Pois/Air  4%         N/A       100%        3
 Spider Form              Tmut/Pois      4%         N/A       100%        3
 Stone Arrow              Conj/Erth      8%         3d7       100%        3
 Summon Guardian Golem    Hex/Summ       4%         N/A       100%        3
 Swiftness                Air            4%         N/A       100%        3
 Teleport Other           Tloc           4%         N/A       100%        3
 Tukima's Dance           Hex            4%         N/A       100%        3
 Vampiric Draining        Necr           4%         2d6       100%        3
 Airstrike                Air            2%         2d(1-17)  100%        4
 Anguish                  Hex/Necr       2%         N/A       100%        4
 Animate Armour           Summ/Erth      8%         N/A       100%        4
 Animate Dead             Necr           4%         N/A       100%        4
 Cause Fear               Hex            2%         N/A       100%        4
 Corpse Rot               Necr/Pois/Air  4%         N/A       100%        4
 Dispel Undead            Necr           4%         3d7       100%        4
 Flame Wave               Conj/Fire      4%         2d5       100%        4
 Fulminant Prism          Conj/Hex       2%         3d6       100%        4
 Hailstorm                Conj/Ice       6%         3d4       100%        4
 Ice Form                 Ice/Tmut       6%         N/A       100%        4
 Iskenderun's Mystic Bla  Conj/Tloc      4%         2d3       100%        4
 Olgreb's Toxic Radiance  Pois           4%         N/A       100%        4
 Passage of Golubria      Tloc           4%         N/A       100%        4
 Sticky Flame             Conj/Fire      4%         2d3       100%        4
 Summon Lightning Spire   Summ/Air       4%         N/A       100%        4
 Agony                    Necr           4%         N/A       100%        5
 Alistair's Intoxication  Tmut/Pois      2%         N/A       100%        5
 Blade Hands              Tmut           2%         N/A       100%        5
 Borgnjor's Vile Clutch   Necr/Erth      2%         N/A       100%        5
 Fireball                 Conj/Fire      2%         3d4       100%        5
 Freezing Cloud           Conj/Ice/Air   3%         6-21      100%        5
 Irradiate                Conj/Tmut      2%         3d12      100%        5
 Iskenderun's Battlesphe  Conj           4%         2d6       100%        5
 Lee's Rapid Deconstruct  Erth           2%         3d5*      100%        5
 Lightning Bolt           Conj/Air       2%         1d13      100%        5
 Manifold Assault         Tloc           4%         N/A       100%        5
 Silence                  Hex/Air        2%         N/A       100%        5
 Summon Forest            Summ/Tloc      2%         N/A       100%        5
 Summon Mana Viper        Hex/Summ       4%         N/A       100%        5
 Yara's Violent Unravell  Hex/Tmut       2%         3d3       100%        5
 Conjure Ball Lightning   Conj/Air       2%         3x3d6     100%        6
 Death Channel            Necr           2%         N/A       100%        6
 Dispersal                Tloc           2%         N/A       100%        6
 Eringya's Noxious Bog    Tmut/Pois      2%         N/A       100%        6
 Iron Shot                Conj/Erth      2%         9d2       100%        6
 Simulacrum               Ice/Necr       3%         N/A       100%        6
 Starburst                Conj/Fire      2%         6d3       100%        6
 Summon Cactus Giant      Summ           2%         N/A       100%        6
 Dragon Form              Tmut           2%         N/A       100%        7
 Haunt                    Necr/Summ      2%         N/A       100%        7
 Malign Gateway           Summ/Tloc      2%         N/A       100%        7
 Orb of Destruction       Conj           2%         9d5       100%        7
 Ozocubu's Refrigeration  Ice            3%         4d8       100%        7
 Spellforged Servitor     Conj/Summ      2%         N/A       100%        7
 Storm Form               Tmut/Air       2%         N/A       100%        7
 Summon Hydra             Summ           2%         N/A       100%        7
 Discord                  Hex            2%         N/A       100%        8
 Disjunction              Tloc           2%         N/A       100%        8
 Ignition                 Fire           2%         3d3       100%        8
 Infestation              Necr           2%         N/A       100%        8
 Lehudib's Crystal Spear  Conj/Erth      2%         10d2      100%        8
 Maxwell's Capacitive Co  Air            2%         ∞         100%        8
 Necromutation            Tmut/Necr      2%         N/A       100%        8
 Dragon's Call            Summ           2%         N/A       100%        9


Dungeon Overview and Level Annotations

Branches:
Dungeon (15/15)            Temple (1/1) D:4            Lair (5/5) D:8
 Shoals (4/4) Lair:3        Snake (4/4) Lair:2        Slime (0/5) Lair:5
    Orc (2/2) D:12            Elf (3/3) Orc:2        Vaults (5/5) D:13
  Crypt (3/3) Vaults:3       Tomb (0/3) Crypt:3      Depths (4/4) D:15
    Zot (5/5) Depths:4     Bailey (visited)           IceCv (visited)
Desolation (visited)

Altars:
Ashenzari
Cheibriados
Dithmenos
Elyvilon
Fedhas
Gozag
Hepliaklqana
Kikubaaqudgha
Makhleb
Nemelex Xobeh
Okawaru
Qazlal
Ru
Sif Muna
Trog
Uskayaw
Vehumet
Wu Jian
Xom
Yredelemnul
Zin
The Shining One
Jiyva

Shops:
D:3 [   Orc:2 ((((   Elf:1 :   Elf:3 *   Shoals:2 (   Shoals:3 *   Snake:1 :!
Snake:2 =::   Vaults:4 [   Depths:1 (

Portals:
Hell: Depths:1 Depths:2 Depths:3 Depths:4
Abyss: Depths:2 Depths:3
Pandemonium: Depths:2
Ziggurat: Depths:2

Annotations:
D:3 3 runed translucent doors, SnailSD's ghost, amateur OpBr; burchardtist's ghost, amateur MiBe; destino's ghost, amateur KoEn; u553311's ghost, amateur DrBe
Lair:1 exclusion: oklob plant
Lair:5 3 runed translucent doors, exclusion: obsidian statue, MacCMillion's ghost, journeyman TrFi
Shoals:1 3 runed translucent doors, Amuaxidi's ghost, adept FoCK; Kehicw's ghost, adept HOBr; dracomuter's ghost, adept FoFi
Shoals:3 1 runed translucent door
Snake:3 3 runed translucent doors, SonOfSpiff's ghost, adept HOFi
Elf:1 6 runed translucent doors
Elf:2 3 runed translucent doors
Depths:2 1 runed translucent door
Zot:1 3 runed translucent doors, Alunk's ghost, legendary GnFi


Innate Abilities, Weirdness & Mutations

You have razor-sharp teeth.
Your natural rate of healing is unusually fast.
When hurt, damage is shared between your health and your magic reserves.
Your bite disrupts and absorbs the magic of your enemies.
Potions cannot restore your health.
Your body sometimes deteriorates upon taking damage.
You are robust. (+10% HP)


Message History

You drain its power.
The Orb Guardian is heavily wounded.
You can now pass through a line of other dancers.
You hit the Orb Guardian but do no damage.
Your bite misses the Orb Guardian.
The Orb Guardian is heavily wounded.
The Orb Guardian hits you but does no damage.
You hit the Orb Guardian. You bite the Orb Guardian! You drain its power.
The Orb Guardian is severely wounded.
You barely miss the Orb Guardian.
You bite the Orb Guardian, but do no damage.
The Orb Guardian is severely wounded.
You block the Orb Guardian's attack.
You closely miss the Orb Guardian. Your bite misses the Orb Guardian.
The Orb Guardian is severely wounded.
You closely miss the Orb Guardian. You bite the Orb Guardian!
You drain its power.
The Orb Guardian is almost dead.
You block the Orb Guardian's attack.
You hit the Orb Guardian.
You bite the Orb Guardian, but do no damage.
The Orb Guardian is almost dead.
Uskayaw will force your foes to helplessly watch your dance.
Uskayaw prepares the audience for your solo!
The helpless Orb Guardian fails to defend itself.
You perforate the Orb Guardian like a sieve!!!!!
You kill the Orb Guardian!
Done exploring.
(D) Dungeon (T) Temple (L) Lair (A) Shoals (P) Snake Pit (M) Slime Pits (O) Orcish Mines (E) Elven Halls (V) Vaults (C) Crypt (W) Tomb (U) Depths (H) Hell (Z) Zot
Where to? (Enter - D:1, ? - help)
What level of the Dungeon? (default 1, ? - help)
There is a stone staircase leading up here.
You climb upwards.
There is a stone staircase leading down here.
There is an open gate here.
There is a staircase leading out of the dungeon here.
You have escaped!

######
#.#.8##########
#..#'##.......#
#@.#'...#####.#
#..#'##.#.###.####
#.#.8##.#.........
#######.#.#.......
#.#....>....
#.....#.#...
#######.#.##
#.........#
###########.#####...#


There were no monsters in sight!

Vanquished Creatures
  5 dread liches
  Tiamat (Zot:3)
  3 ancient liches (Zot:5)
  2 orbs of fire
  Sojobo (Depths:1)
  2 Killer Klowns
  Saint Roka (Snake:2)
  Frederick (Vaults:5)
  Bai Suzhen (Snake:4)
  Xtahua (Vaults:5)
  2 curse toes
  Nikola (Shoals:1)
  13 golden dragons
  A profane servitor (Crypt:3)
  the Enchantress (Depths:1)
  3 electric golems
  A shard shrike zombie (Crypt:3)
  4 bone dragons
  A walking crystal tome (Depths:2)
  16 tentacled monstrosities
  Mlioglotl (Shoals:1)
  27 Orb Guardians
  A shard shrike skeleton (Crypt:1)
  A deep elf blademaster (Elf:3)
  A walking earthen tome (Depths:2)
  5 quicksilver dragons
  4 liches
  7 titans
  A walking divine tome (Depths:3)
  4 deep elf master archers (Elf:3)
  An ancient champion (Crypt:1)
  16 death cobs
  7 sphinxes
  3 krakens
  4 tengu reavers
  Polyphemus (Shoals:3)
  Gastronok (Lair:1)
  Kirke (Shoals:3)
  15 storm dragons
  18 shadow dragons
  7 fire giants
  5 draconian monks
  4 draconian knights
  2 revenants
  8 draconian scorchers
  7 frost giants
  An iron dragon (Depths:1)
  3 orc warlords
  A balrug (Depths:2)
  4 nagarajas
  Ilsuiw (Shoals:2)
  2 imperial myrmidons (Desolation)
  Louise (D:14)
  3 curse skulls
  A ghost moth (Zot:2)
  11 draconian shifters
  6 deep elf sorcerers
  2 angels (Vaults:1)
  10 ghouls
  18 vault wardens
  A deep elf elementalist (Elf:3)
  25 ironbound preservers
  Aizul (Depths:2)
  4 draconian stormcallers
  12 draconian annihilators
  5 war gargoyles
  5 spriggan defenders
  36 very ugly things
  12 ironbound thunderhulks
  4 vampire knights
  Azrael (D:14)
  21 black draconians
  16 stone giants
  10 green draconians
  8 deep elf demonologists
  4 entropy weavers
  8 deep elf annihilators (Elf:3)
  3 halazid warlocks (Desolation)
  13 purple draconians
  12 red draconians
  17 dire elephants
  A spark wasp (Depths:3)
  8 yellow draconians
  10 white draconians
  A blizzard demon (D:4)
  11 eidola
  7 merfolk javelineers
  Snorg (D:11)
  2 crystal guardians (Vaults:4)
  5 deep elf death magi
  A mummy priest (Crypt:3)
  9 ettins
  Josephine (Shoals:1)
  11 fire dragons
  8 jiangshi
  9 merfolk impalers
  9 deep elf high priests
  7 ragged hierophants (Desolation)
  15 yaktaur captains
  2 spriggan zombies (Crypt:3)
  37 vault guards
  Harold (D:15)
  15 ice dragons
  12 peacekeepers
  5 salamander tyrants (Snake:4)
  6 great orbs of eyes
  3 rakshasas
  8 spriggan air magi
  5 boulder beetles
  A quicksilver dragon skeleton (Crypt:2)
  12 servants of whispers (Desolation)
  A caustic shrike simulacrum (IceCv)
  3 merfolk avatars
  An ogre mage (Vaults:4)
  A fenstrider witch zombie (Crypt:3)
  10 anacondas
  Erica (D:8)
  11 hydras
  11 ironbound frosthearts
  A catoblepas (Shoals:2)
  8 naga warriors
  4 death knights
  19 dancing weapons
  4 merfolk aquamancers
  7 centaur warriors
  5 two-headed ogres
  8 tengu warriors
  6 deep troll shamans
  2 satyrs (Shoals:3)
  A titan zombie (Crypt:3)
  7 death yaks
  5 spriggan berserkers
  9 shock serpents
  Urug (Lair:1)
  14 naga sharpshooters
  6 orc high priests
  11 deep troll earth magi
  7 vampire magi
  9 hell knights
  18 deep elf knights
  A sun demon (Depths:2)
  3 iron trolls
  3 sixfirhies (Zot:4)
  A spectral death yak (Lair:5)
  15 skeletal warriors
  6 flayed ghosts
  8 salamander mystics
  Lodul (D:13)
  7 glowing orange brains
  A golden dragon zombie (Depths:3)
  A spectral anaconda (Lair:5)
  An anaconda zombie (Crypt:3)
  11 sea snakes
  A shadow demon (D:12)
  88 deep trolls
  A cherub (D:14)
  23 phantasmal warriors
  3 naga ritualists
  14 deep elf archers
  20 ironbound convokers
  A kraken simulacrum (Shoals:4)
  8 wizards
  A tengu zombie (Depths:3)
  A bog body (Crypt:2)
  6 lindwurms
  3 spriggan simulacra
  16 orc knights
  10 harpies
  27 deep elf zephyrmancers
  13 necromancers
  6 mana vipers
  An anaconda skeleton (Crypt:1)
  A wolf spider (Crypt:3)
  A faun (shapeshifter) (Vaults:1)
  A stone giant zombie (Crypt:3)
  10 fauns
  11 cyclopes
  36 ugly things
  A tengu skeleton (Depths:3)
  An iron dragon zombie (Crypt:3)
  24 moths of wrath
  24 deep elf pyromancers
  8 orc sorcerers
  32 slime creatures
  A frost giant zombie (Depths:2)
  A moth of wrath (shapeshifter) (Depths:4)
  28 salamanders
  2 naga zombies
  11 merfolk sirens
  2 fire giant skeletons
  18 manticores
  20 elephants
  An iron dragon skeleton (Depths:2)
  8 guardian serpents
  29 black mambas
  3 centaur zombies (Crypt:3)
  A torpor snail (Lair:3)
  5 water nymphs
  An ice statue (Snake:1)
  6 cane toads
  16 naga magi
  3 dire elephant zombies
  A gargoyle (D:11)
  An eye of devastation (shapeshifter) (Depths:1)
  4 smoke demons
  A yellow draconian zombie (Crypt:2)
  A torpor snail (shapeshifter) (Vaults:1)
  24 vault sentinels
  2 centaur skeletons (D:15)
  2 rime drakes
  23 yaktaurs
  A naga skeleton (Crypt:1)
  An anaconda simulacrum (IceCv)
  2 kobold demonologists (D:13)
  10 komodo dragons
  2 tormentors
  An iron troll zombie (Crypt:1)
  14 freezing wraiths
  2 hellwings
  5 guardian mummies
  2 tengu conjurers
  An ice devil (IceCv)
  4 hornets
  A mana viper zombie (Crypt:2)
  2 polar bears
  44 merfolk
  6 wind drakes
  A hydra zombie (Crypt:3)
  4 harpy zombies
  A merfolk (shapeshifter) (Vaults:5)
  8 trolls
  An ettin zombie (Crypt:3)
  A wolf spider simulacrum (D:15)
  Prince Ribbit (D:7)
  A tarantella (Vaults:4)
  A queen bee (D:12)
  A tarantella (shapeshifter) (Vaults:1)
  A slime creature (shapeshifter) (Depths:3)
  A raiju (Zot:4)
  70 saltlings (Desolation)
  A spectral elephant (Lair:5)
  A dream sheep (shapeshifter) (Vaults:5)
  4 blink frogs (Lair:3)
  10 dream sheep
  A guardian serpent skeleton (Crypt:2)
  8 flying skulls
  A meliai zombie (D:15)
  15 snapping turtles
  A dire elephant simulacrum (IceCv)
  5 jumping spiders (Crypt:3)
  An air elemental (Elf:1)
  A black mamba zombie (Crypt:1)
  49 yaks
  4 shadows
  13 water elementals
  A ynoxinul (Zot:4)
  11 wraiths
  2 wyverns
  An ushabti (Crypt:3)
  4 spriggans
  Grum (D:8)
  9 fire elementals
  An ettin skeleton (Crypt:2)
  2 basilisks
  A human (shapeshifter) (D:13)
  2 vampire mosquitoes
  7 hogs (Shoals:3)
  2 death yak simulacra (Lair:5)
  A steam dragon (D:8)
  A swamp worm (shapeshifter) (Vaults:5)
  A spectral cane toad (Lair:5)
  12 redbacks
  3 wargs
  A redback (shapeshifter) (Vaults:5)
  33 nagas
  A naga (shapeshifter) (D:15)
  5 water moccasins
  3 acid dragons
  2 harpy simulacra (IceCv)
  A hell hound (D:14)
  A hydra simulacrum (IceCv)
  A floating eye (Depths:2)
  38 orc warriors
  4 ice beasts
  2 elephant zombies (Lair:5)
  A meliai simulacrum (D:14)
  An ice beast (shapeshifter) (D:14)
  A black bear (Lair:3)
  A boggart (shapeshifter) (Elf:3)
  13 ogres
  2 alligator simulacra (IceCv)
  An ogre (shapeshifter) (D:13)
  19 wolves
  10 centaurs
  4 elephant skeletons
  3 phantoms
  7 kobold brigands
  2 rime drake skeletons
  11 bullfrogs
  4 earth elementals
  2 gnoll sergeants
  17 necrophages
  A scorpion (D:6)
  5 cane toad simulacra (Lair:5)
  3 deep troll simulacra (IceCv)
  12 wyvern skeletons (Crypt:3)
  8 wights
  A warg skeleton (Crypt:1)
  An elephant simulacrum (Lair:5)
  A polar bear skeleton (Crypt:1)
  2 lindwurm simulacra (IceCv)
  19 killer bees
  8 howler monkeys
  2 electric eels (D:8)
  A lava snake (Elf:3)
  17 orc priests
  A jelly (D:8)
  Crazy Yiuf (D:3)
  9 hounds
  7 iguanas
  5 lightning spires (Zot:4)
  19 orc wizards
  4 hell rats (Lair:4)
  5 mummies
  4 adders
  12 gnolls
  3 ufetubi
  2 worms
  A dart slug (D:3)
  73 orcs
  8 ball pythons
  5 bats
  4 endoplasms
  3 giant cockroaches
  7 goblins
  12 hobgoblins
  3 jackals (D:2)
  35 kobolds
  2 quokkas
  2 frilled lizards
  A hobgoblin skeleton (Crypt:1)
  A jackal skeleton (Crypt:1)
  3 rats
  A spectral hobgoblin (D:3)
  3 tentacles (Shoals:3)
  2 withered plants (Crypt:3)
2453 creatures vanquished.

Vanquished Creatures (collateral kills)
  A caustic shrike simulacrum (IceCv)
1 creature vanquished.

Vanquished Creatures (others)
  A kraken (Shoals:3)
  A storm dragon (Zot:4)
  A spark wasp (Zot:4)
  A black draconian (Zot:4)
  An ogre mage (Vaults:1)
  2 deep elf knights
  A deep elf zephyrmancer (Elf:2)
  An ugly thing (Depths:2)
  2 cyclopes (Shoals:1)
  A rime drake (Zot:3)
  A water elemental (Elf:1)
  A howler monkey (D:13)
  An orc wizard (Orc:2)
  4 orcs
  A kobold (D:9)
  5 ball lightnings (Zot:4)
  A bush (Lair:5)
  18 fungi
  80 plants
  48 tentacles
  36 withered plants
208 creatures vanquished.

Grand Total: 2662 creatures vanquished

Notes
Turn   | Place    | Note
-------+----------+-------------------------------------------
     0 | D:1      | MacCMillion the Vine Stalker Fighter began the quest for
                  | the Orb.
     0 | D:1      | Reached XP level 1. HP: 11/11 MP: 2/2
   320 | D:1      | Reached XP level 2. HP: 16/16 MP: 3/3
  1305 | D:2      | Reached XP level 3. HP: 19/19 MP: 4/4
  1916 | D:3      | Found a runed translucent gate.
  1917 | D:3      | Found a runed translucent gate.
  1919 | D:3      | Found a runed translucent gate.
  1920 | D:3      | Noticed u553311's ghost (amateur DrBe)
  1921 | D:3      | Noticed destino's ghost (amateur KoEn)
  1921 | D:3      | Noticed burchardtist's ghost (amateur MiBe)
  1921 | D:3      | Noticed SnailSD's ghost (amateur OpBr)
  1947 | D:3      | Found Zoirhoog's Armour Emporium.
  2007 | D:3      | Gained mutation: Your natural rate of healing is unusually
                  | fast. [Vine Stalker growth]
  2007 | D:3      | Reached XP level 4. HP: 23/23 MP: 5/5
  2259 | D:3      | Reached XP level 5. HP: 21/27 MP: 3/6
  2355 | D:3      | Found a faded altar of an unknown god.
  2516 | D:3      | Identified the +10 dagger "Xune" {vorpal, rPois Will+}
  2607 | D:3      | Found a hazy altar of Hepliaklqana.
  2608 | D:3      | Found a faded altar of an unknown god.
  2636 | D:3      | Found a runed translucent door.
  2637 | D:3      | Noticed Crazy Yiuf
  2681 | D:3      | Found a glowing golden altar of the Shining One.
  3050 | D:4      | Reached XP level 6. HP: 32/32 MP: 7/7
  3259 | D:4      | Reached skill level 5 in Short Blades
  3298 | D:4      | Found a staircase to the Ecumenical Temple.
  3307 | Temple   | Entered the Ecumenical Temple
  3654 | D:4      | Noticed an acid dragon
  3661 | D:4      | Killed an acid dragon
  3854 | D:4      | Reached XP level 7. HP: 34/35 MP: 6/8
  4236 | D:4      | Found a basalt altar of Yredelemnul.
  4236 | D:4      | Found an iron altar of Okawaru.
  4759 | D:5      | Entered Level 5 of the Dungeon
  5671 | D:5      | Found a bloodstained altar of Trog.
  5863 | D:6      | Gained mutation: You have razor-sharp teeth. [Vine Stalker
                  | growth]
  5863 | D:6      | Reached XP level 8. HP: 40/40 MP: 9/9
  6039 | D:6      | Noticed a shadow
  6058 | D:6      | Killed a shadow
  6566 | D:7      | Reached XP level 9. HP: 43/46 MP: 10/10
  6645 | D:7      | Found a sparkling altar of Nemelex Xobeh.
  6756 | D:7      | Reached skill level 5 in Fighting
  6924 | D:7      | Found an ancient bone altar of Kikubaaqudgha.
  7206 | D:7      | Noticed Prince Ribbit
  7212 | D:7      | Killed Prince Ribbit
  7302 | D:8      | Reached skill level 5 in Shields
  7618 | D:8      | Found an opulent altar of Gozag.
  7682 | D:8      | Found a white marble altar of Elyvilon.
  7705 | D:8      | Noticed Grum
  7739 | D:8      | Reached XP level 10. HP: 24/53 MP: 7/11
  7919 | D:8      | Killed Grum
  8493 | D:8      | Noticed Erica
  8683 | D:8      | Found a staircase to the Lair.
  8713 | D:8      | Killed Erica
  8714 | D:8      | Reached skill level 10 in Short Blades
  9125 | D:9      | Noticed a two-headed ogre
  9610 | D:9      | Killed a two-headed ogre
  9712 | D:9      | Noticed a manticore
  9727 | D:9      | Killed a manticore
  9728 | D:9      | Reached XP level 11. HP: 44/60 MP: 12/12
  9951 | D:9      | Identified the +1 ring mail of Marbles {rC+++ Str+2 Slay-5}
 10017 | D:9      | Noticed a cyclops
 10022 | D:9      | Killed a cyclops
 10336 | D:10     | Entered Level 10 of the Dungeon
 10363 | D:10     | Found a hide-covered altar of Uskayaw.
 10370 | D:10     | Became a worshipper of Uskayaw the Reveller
 10437 | D:10     | Found a flagged portal.
 10442 | D:10     | Reached * piety under Uskayaw
 10451 | Bailey   | Entered a bailey
 10481 | Bailey   | Reached ** piety under Uskayaw
 10556 | Bailey   | Reached skill level 1 in Invocations
 10705 | Bailey   | Reached *** piety under Uskayaw
 10740 | Bailey   | Reached **** piety under Uskayaw
 10756 | Bailey   | Acquired a +4 quick blade
 10758 | Bailey   | Noticed an orc knight
 10758 | Bailey   | Noticed an orc knight
 10922 | D:10     | Noticed a tengu warrior
 10949 | D:10     | Killed a tengu warrior
 10950 | D:10     | Reached skill level 2 in Invocations
 11048 | D:10     | Found the +18 Lear's hauberk
 11896 | D:9      | Reached skill level 10 in Fighting
 11989 | D:11     | Noticed Snorg
 11990 | D:11     | Noticed a two-headed ogre
 12032 | D:11     | Noticed a two-headed ogre
 12037 | D:11     | Reached skill level 3 in Invocations
 12040 | D:11     | Killed a two-headed ogre
 12046 | D:11     | Reached ***** piety under Uskayaw
 12099 | D:11     | Killed Snorg
 12100 | D:11     | Reached skill level 4 in Invocations
 12102 | D:11     | Identified the +0 pair of boots "Ecwiseda" {Stlth+}
 12198 | D:11     | Reached skill level 1 in Stealth
 12201 | D:11     | Reached ****** piety under Uskayaw
 12233 | D:11     | Reached skill level 10 in Shields
 12233 | D:11     | Reached skill level 5 in Invocations
 12238 | D:11     | Killed a two-headed ogre
 12239 | D:11     | Reached XP level 12. HP: 69/69 MP: 16/16
 13002 | D:12     | Reached skill level 6 in Invocations
 13124 | D:12     | Found a staircase to the Orcish Mines.
 13261 | D:12     | Noticed a six-headed hydra
 13270 | D:12     | Killed a six-headed hydra
 13331 | D:12     | Noticed a two-headed ogre
 13349 | D:12     | Killed a two-headed ogre
 13350 | D:12     | Reached skill level 7 in Invocations
 13424 | D:12     | Noticed a two-headed ogre
 13434 | D:12     | Killed a two-headed ogre
 13435 | D:12     | Reached skill level 5 in Stealth
 13612 | D:12     | Noticed a centaur warrior
 13620 | D:12     | Killed a centaur warrior
 13935 | D:12     | Reached skill level 8 in Invocations
 14218 | D:3      | Killed Crazy Yiuf
 14841 | Lair:1   | Entered Level 1 of the Lair of Beasts
 14842 | Lair:1   | Noticed Gastronok
 14858 | Lair:1   | Killed Gastronok
 14989 | Lair:1   | Reached XP level 13. HP: 75/75 MP: 20/20
 15055 | Lair:1   | Noticed Urug
 15076 | Lair:1   | Killed Urug
 15159 | Lair:1   | Reached skill level 9 in Invocations
 15784 | Lair:2   | Found a staircase to the Snake Pit.
 16556 | Lair:3   | Reached skill level 10 in Invocations
 17252 | Lair:3   | Found a staircase to the Shoals.
 17433 | Lair:4   | Reached skill level 11 in Invocations
 18249 | Lair:5   | Entered Level 5 of the Lair of Beasts
 18309 | Lair:4   | Reached XP level 14. HP: 70/82 MP: 23/23
 18436 | Lair:4   | Reached skill level 12 in Invocations
 18911 | Lair:5   | Noticed MacCMillion's ghost (journeyman TrFi)
 18947 | Lair:5   | Reached skill level 13 in Invocations
 19003 | Lair:5   | Identified the +2 scimitar "Uclabiag" {antimagic, Str+2}
 19369 | Lair:5   | Noticed a dire elephant
 19369 | Lair:5   | Noticed a dire elephant
 19369 | Lair:5   | Noticed a dire elephant
 19447 | Lair:5   | Reached skill level 15 in Shields
 19905 | Lair:5   | Noticed a dire elephant
 19921 | Lair:5   | Killed a dire elephant
 20164 | Lair:5   | Found a runed translucent gate.
 20164 | Lair:5   | Found a runed translucent gate.
 20164 | Lair:5   | Found a runed translucent gate.
 20173 | Lair:5   | Killed a dire elephant
 20227 | Lair:5   | Found a staircase to the Slime Pits.
 20228 | Lair:5   | Found a viscous altar of Jiyva.
 20404 | Lair:5   | Reached skill level 5 in Armour
 20598 | Lair:5   | Killed a dire elephant
 20599 | Lair:5   | Reached skill level 14 in Invocations
 20765 | Lair:5   | Killed a dire elephant
 21161 | Orc:1    | Entered Level 1 of the Orcish Mines
 21607 | Orc:2    | Entered Level 2 of the Orcish Mines
 21608 | Orc:2    | Found a staircase to the Elven Halls.
 21704 | Orc:2    | Reached XP level 15. HP: 74/88 MP: 15/26
 22146 | Orc:2    | Gained mutation: Your body sometimes deteriorates upon
                  | taking damage. [a neqoxec]
 22185 | Orc:2    | Found Quit's Weapon Boutique.
 22185 | Orc:2    | Found Gisinly's Antique Weapon Emporium.
 22226 | Orc:2    | Found Ufasocekh's Antique Weapon Emporium.
 22226 | Orc:2    | Found Wops's Weapon Boutique.
 22972 | D:13     | Reached skill level 15 in Fighting
 23618 | D:13     | Found a gate to the Vaults.
 23738 | D:14     | Noticed Lodul
 23756 | D:13     | Killed Lodul
 23825 | D:14     | Found a shimmering blue altar of Sif Muna.
 23960 | D:14     | Noticed Azrael
 23982 | D:14     | Reached skill level 15 in Invocations
 23982 | D:14     | Killed Azrael
 24215 | D:14     | Noticed Louise
 24237 | D:14     | Killed Louise
 24567 | D:14     | Identified the +1 scale mail of Pride {rC+++ Str-4 Dex-5
                  | Slay+5}
 24847 | D:15     | Entered Level 15 of the Dungeon
 24978 | D:15     | Noticed Harold
 25000 | D:15     | Killed Harold
 25001 | D:15     | Reached XP level 16. HP: 91/95 MP: 28/28
 25134 | D:15     | Found a shadowy altar of Dithmenos.
 25598 | D:15     | Found a staircase to the Depths.
 25935 | Snake:1  | Entered Level 1 of the Snake Pit
 26524 | Snake:1  | Found Biesem's Distillery.
 26785 | Orc:2    | Bought the +8 Vampire's Tooth {vamp} for 2160 gold pieces
 26785 | Orc:2    | Found the +8 Vampire's Tooth {vamp}
 27027 | Snake:1  | Found Hioso's Book Shoppe.
 27316 | Snake:2  | Noticed a nagaraja
 27326 | Snake:2  | Killed a nagaraja
 27391 | Snake:2  | Found Coxyimol's Book Emporium.
 27392 | Snake:2  | Found Yclis Reeg's Jewellery Shop.
 27393 | Snake:2  | Found Taduilel's Book Emporium.
 27484 | Snake:2  | Reached skill level 10 in Stealth
 27511 | Snake:2  | Reached skill level 16 in Invocations
 27605 | Snake:2  | Noticed Saint Roka
 27658 | Snake:2  | Killed Saint Roka
 27958 | Snake:3  | Reached XP level 17. HP: 77/101 MP: 28/30
 28228 | Snake:3  | Noticed SonOfSpiff's ghost (adept HOFi)
 28231 | Snake:3  | Found a runed translucent gate.
 28231 | Snake:3  | Found a runed translucent gate.
 28231 | Snake:3  | Found a runed translucent gate.
 28534 | Snake:4  | Entered Level 4 of the Snake Pit
 28874 | Snake:4  | Noticed Bai Suzhen
 28876 | Snake:4  | Found a shadowy altar of Dithmenos.
 28905 | Snake:4  | Killed Bai Suzhen
 29548 | Snake:4  | Reached skill level 10 in Armour
 29864 | Snake:4  | Reached skill level 17 in Invocations
 30538 | Snake:4  | Got a serpentine rune of Zot
 30761 | Shoals:1 | Entered Level 1 of the Shoals
 30770 | Shoals:1 | Noticed Josephine
 30785 | Shoals:1 | Killed Josephine
 30874 | Shoals:1 | Noticed Nikola
 30896 | Shoals:1 | Killed Nikola
 30930 | Shoals:1 | Reached XP level 18. HP: 108/108 MP: 31/31
 31079 | Shoals:1 | Found a runed translucent gate.
 31079 | Shoals:1 | Found a runed translucent gate.
 31079 | Shoals:1 | Found a runed translucent gate.
 31084 | Shoals:1 | Noticed Amuaxidi's ghost (adept FoCK)
 31084 | Shoals:1 | Noticed Kehicw's ghost (adept HOBr)
 31084 | Shoals:1 | Noticed dracomuter's ghost (adept FoFi)
 31162 | Shoals:1 | Noticed Mlioglotl
 31186 | Shoals:1 | Killed Mlioglotl
 32194 | Shoals:2 | Found Vics's Antique Weapon Emporium.
 32265 | Shoals:3 | Noticed Polyphemus
 32372 | Shoals:3 | Killed Polyphemus
 32447 | Shoals:3 | Identified the amulet "Gousij" {Reflect Harm rElec SH+5
                  | SInv}
 32451 | Shoals:3 | Noticed Ilsuiw
 32601 | Shoals:2 | Killed Ilsuiw
 32910 | Shoals:3 | Noticed Kirke
 33056 | Shoals:3 | Killed Kirke
 33112 | Shoals:3 | Found Neitt's Assorted Antiques.
 33180 | Shoals:3 | Reached skill level 18 in Invocations
 33650 | Shoals:3 | Identified the +7 dagger of Experimentation {vorpal, rElec
                  | Will+}
 33681 | Shoals:4 | Entered Level 4 of the Shoals
 33723 | Shoals:3 | Found a runed translucent door.
 34070 | Shoals:4 | Found a gateway to a bazaar.
 34114 | Shoals:4 | Identified the +3 great sword "Rel Onnome" {vorpal, Str+4}
 34307 | Shoals:4 | Reached XP level 19. HP: 108/114 MP: 31/33
 34402 | Bazaar   | Entered a bazaar
 34402 | Bazaar   | Found Coaken's Assorted Antiques.
 34402 | Bazaar   | Found Turiywn's General Store.
 34402 | Bazaar   | Found Pathoa Kybi's General Store.
 34415 | Bazaar   | Bought a potion of might for 56 gold pieces
 34415 | Bazaar   | Bought a scroll of blinking for 105 gold pieces
 34417 | Bazaar   | Bought a potion of might for 92 gold pieces
 34417 | Bazaar   | Bought a potion of resistance for 230 gold pieces
 35313 | Shoals:4 | Got a barnacled rune of Zot
 36066 | Elf:1    | Entered Level 1 of the Elven Halls
 36340 | Elf:1    | Found a frozen archway.
 36363 | IceCv    | Entered an ice cave
 36809 | IceCv    | HP: 3/114 [caustic shrike simulacrum (17)]
 37004 | Elf:1    | Found Qioth's Book Shoppe.
 37066 | Elf:1    | Paralysed by an air elemental for 1 turns
 37070 | Elf:1    | Paralysed by an air elemental for 1 turns
 37074 | Elf:1    | Paralysed by an air elemental for 1 turns
 37086 | Elf:1    | Noticed a Brimstone Fiend
 37088 | Elf:1    | Found a runed translucent gate.
 37088 | Elf:1    | Found a runed translucent gate.
 37088 | Elf:1    | Found a runed translucent gate.
 37088 | Elf:1    | Found a runed translucent gate.
 37088 | Elf:1    | Found a runed translucent gate.
 37167 | Elf:1    | Found a runed translucent gate.
 37349 | Elf:1    | Noticed a Brimstone Fiend
 37586 | Vaults:1 | Entered Level 1 of the Vaults
 38036 | Vaults:1 | Found a crumbling gateway.
 38038 | Vaults:1 | Found a glowing silver altar of Zin.
 38038 | Vaults:1 | Found a glowing golden altar of the Shining One.
 38038 | Vaults:1 | Found a white marble altar of Elyvilon.
 38045 | Desolati | Entered the Desolation of Salt
 38478 | Desolati | Reached skill level 19 in Invocations
 38527 | Desolati | Identified the ring "Senewuj" {Ice rElec Will+ Dex+2}
 38555 | Desolati | Got the Handbook of Lethal Beckoning
 38664 | Desolati | Identified the +9 long sword of a volcano {freeze, Fragile
                  | Fly rC+++ Stlth-}
 38666 | Desolati | Identified the +5 mace of Obsession {vorpal, +Blink rPois
                  | Will-}
 38718 | Desolati | Reached XP level 20. HP: 117/119 MP: 31/34
 39087 | Desolati | Identified the ring "Veziwn" {rF+ rCorr Str+5}
 39128 | Desolati | Got Wutoich's Secrets of the Transforming Wayfarer
 39505 | Desolati | Identified the +6 long sword "Mameeluc" {venom, Dex+4}
 39505 | Desolati | Identified the amulet of the Dozen Ultimatums {Acrobat
                  | Drain rN+++ Will- Regen+}
 39557 | Desolati | Identified the +9 quarterstaff "Spiderbane" {freeze, rC++
                  | rN++ Stlth+}
 40426 | Vaults:1 | Found the +3 Mad Mage's Maulers {Infuse+∞ RegenMP Int-3}
 40426 | Vaults:1 | Found the +8 orange crystal plate armour {Archmagi, Int+3
                  | Clar}
 40795 | D:3      | Bought a +2 pair of boots of rampaging for 215 gold pieces
 41526 | Vaults:1 | Reached skill level 1 in Dodging
 42150 | Vaults:1 | Identified the ring of Giddon {rElec rF- Will+ Str+6
                  | Stlth+}
 42359 | Vaults:2 | Reached skill level 1 in Evocations
 42860 | Vaults:2 | Reached XP level 21. HP: 122/126 MP: 31/35
 42878 | Vaults:2 | Reached skill level 5 in Evocations
 42987 | Vaults:2 | Got the Secrets of Heated Permutations
 43261 | Vaults:2 | Reached skill level 20 in Invocations
 43866 | Vaults:3 | Reached skill level 5 in Dodging
 44259 | Vaults:3 | Found a staircase to the Crypt.
 44270 | Vaults:3 | Identified the +0 helmet of Ifiomevo {rF- Will++ Dex+2
                  | Stlth+}
 45687 | Crypt:1  | Entered Level 1 of the Crypt
 45751 | Vaults:4 | Reached XP level 22. HP: 133/133 MP: 37/37
 46966 | Vaults:4 | Reached skill level 21 in Invocations
 47111 | Vaults:4 | Reached skill level 15 in Armour
 47202 | Vaults:4 | Found Gidetwue's Armour Boutique.
 47259 | Vaults:5 | Entered Level 5 of the Vaults
 47270 | Vaults:5 | Reached skill level 10 in Dodging
 47360 | Vaults:5 | Noticed a dread lich
 47372 | Vaults:5 | Killed a dread lich
 47373 | Vaults:5 | Reached XP level 23. HP: 113/138 MP: 28/38
 47377 | Vaults:5 | Noticed Frederick
 47493 | Vaults:5 | Killed Frederick
 47513 | Vaults:5 | Identified the +4 great mace of Inaylua {speed, Fly rCorr
                  | Str-4}
 47644 | Vaults:5 | Identified the +1 pair of boots of the Mackerel {+Blink
                  | rC+}
 47872 | Vaults:5 | Got the Quarto of Conjuration
 48025 | Vaults:5 | Noticed a dread lich
 48097 | Vaults:5 | Killed a dread lich
 48696 | Vaults:5 | Identified the +1 ring mail "Mocred" {Str+4 Int+3}
 48762 | Vaults:5 | Noticed Xtahua
 48776 | Vaults:5 | Killed Xtahua
 48815 | Vaults:5 | Noticed a dread lich
 48850 | Vaults:5 | Killed a dread lich
 49128 | Vaults:5 | Got a silver rune of Zot
 49129 | Vaults:5 | Identified the +5 arbalest of Akil {freeze, rF+ rC++ Int+3
                  | Dex-5}
 49734 | Snake:2  | Bought the ring of Vampiric Thralls {rN+++ Will+++ MP+9
                  | Int-3 Slay-2} for 735 gold pieces
 51184 | Elf:2    | Reached skill level 15 in Stealth
 51323 | Elf:2    | Reached skill level 22 in Invocations
 51522 | Elf:2    | Found a runed translucent gate.
 51522 | Elf:2    | Found a runed translucent gate.
 51522 | Elf:2    | Found a runed translucent gate.
 51681 | Elf:2    | Reached XP level 24. HP: 93/145 MP: 39/39
 51950 | Elf:3    | Entered Level 3 of the Elven Halls
 52388 | Elf:3    | Identified the ring of Joy {rElec rCorr Int+4}
 52420 | Elf:3    | Identified the ring of Ofaim {rF+ Int+5}
 52753 | Elf:3    | Found Zupiulut's Elven Fire.
 53542 | Elf:3    | Identified the amulet of the Scavenger {Reflect *Corrode
                  | Will++ SH+5}
 53878 | Elf:3    | Identified the +1 robe "Cameep" {Int+6}
 53957 | Elf:3    | Found the +2 hat of the Bear Spirit {Spirit, *Rage Will++}
 55834 | Crypt:1  | Identified the +7 war axe of Doomed Purpose {spect, rPois
                  | rCorr}
 57513 | Crypt:3  | Entered Level 3 of the Crypt
 58022 | Crypt:3  | Found a staircase to the Tomb.
 58545 | Crypt:3  | Reached XP level 25. HP: 151/151 MP: 39/39
 58552 | Crypt:3  | Identified the +4 mace "Ipupnidu" {flame, rN+}
 59093 | Crypt:3  | Found a basalt altar of Yredelemnul.
 59208 | Crypt:3  | Reached skill level 23 in Invocations
 59408 | Crypt:3  | Identified the +5 scale mail "Waxuawapn" {rElec rF+ MP+9
                  | Int-4}
 59409 | Crypt:3  | Identified the +3 flail of the Bruised Brambles {flame,
                  | rPois rF- Int-5 Dex+9}
 59967 | Depths:1 | Entered Level 1 of the Depths
 60016 | Depths:1 | Found Gaskoy's Weapon Shoppe.
 60248 | Depths:1 | Noticed the Enchantress
 60272 | Depths:1 | Killed the Enchantress
 60352 | Depths:1 | Found a gateway to Hell.
 61058 | Depths:1 | Found a stormy altar of Qazlal.
 61299 | Depths:2 | Noticed Sojobo
 61321 | Depths:1 | Killed Sojobo
 61446 | Depths:2 | Found a one-way gateway to a ziggurat.
 61525 | Depths:2 | Found a one-way gate to the infinite horrors of the Abyss.
 61987 | Depths:2 | Identified the ring "Zesockobra" {rCorr AC+4}
 62790 | Depths:2 | Found a runed translucent door.
 62790 | Depths:2 | Found a runed translucent door.
 62791 | Depths:2 | Found a runed translucent door.
 62914 | Depths:2 | Identified the ring of Otey {Ice Stlth+}
 62915 | Depths:2 | Identified the +0 pair of boots of the Shrike {rElec Int-3
                  | Dex+3}
 62945 | Depths:2 | Found a one-way gate leading to the halls of Pandemonium.
 63149 | Depths:2 | Reached XP level 26. HP: 136/158 MP: 39/39
 63171 | Depths:2 | Identified the ring "Rasid" {Wiz Str-5 Int+4}
 63281 | Depths:2 | Noticed Aizul
 63297 | Depths:2 | Killed Aizul
 63817 | Depths:3 | Reached skill level 24 in Invocations
 64160 | Depths:3 | Got the Secrets of Breezy Permutations
 64391 | Depths:3 | Found a shimmering altar of Xom.
 64544 | Depths:4 | Entered Level 4 of the Depths
 64832 | Depths:4 | Found a gate to the Realm of Zot.
 65112 | Depths:4 | Identified the +7 dagger of the Blind Eye {elec, rF+ Will+}
 65844 | Zot:1    | Entered Level 1 of the Realm of Zot
 66449 | Zot:1    | Noticed an orb of fire
 66466 | Zot:1    | Killed an orb of fire
 66868 | Zot:1    | Noticed Alunk's ghost (legendary GnFi)
 66873 | Zot:1    | Found a runed translucent gate.
 66873 | Zot:1    | Found a runed translucent gate.
 66873 | Zot:1    | Found a runed translucent gate.
 67346 | Zot:1    | Identified the amulet of Aloal {Spirit rF+ rC++ rN+ Will-}
 67813 | Zot:2    | Reached XP level 27. HP: 165/165 MP: 39/40
 69745 | Zot:3    | Reached skill level 25 in Invocations
 70419 | Zot:3    | Found the +4 dragonskin cloak
 70419 | Zot:3    | Noticed Tiamat
 70436 | Zot:3    | Killed Tiamat
 70438 | Zot:3    | Identified the +1 battleaxe "Egamudaf" {freeze, Fly Will+}
 71122 | Zot:4    | Acquired a manual of Spellcasting
 71165 | Zot:4    | Reached skill level 1 in Spellcasting
 72354 | Zot:4    | Reached skill level 5 in Spellcasting
 72602 | Zot:4    | Identified the +3 chain mail of Midwinter {rF+}
 72850 | Zot:5    | Entered Level 5 of the Realm of Zot
 73164 | Zot:5    | Reached skill level 26 in Invocations
 74223 | Zot:5    | Noticed an ancient lich
 74234 | Zot:5    | Killed an ancient lich
 74354 | Zot:5    | Noticed a dread lich
 74354 | Zot:5    | Noticed an ancient lich
 74354 | Zot:5    | Noticed an orb of fire
 74354 | Zot:5    | Noticed an ancient lich
 74357 | Zot:5    | Noticed a dread lich
 74358 | Zot:5    | Killed an ancient lich
 74366 | Zot:5    | Gained mutation: You are robust. (+10% HP) [an orb of fire]
 74368 | Zot:5    | Killed an orb of fire
 74397 | Zot:5    | Killed an ancient lich
 74411 | Zot:5    | Killed a dread lich
 74435 | Zot:5    | Killed a dread lich
 74436 | Zot:5    | Reached skill level 27 in Invocations
 74522 | Zot:5    | Got the Orb of Zot
 75185 | D:$      | Escaped with the Orb!

Illustrated notes

Levels and vault maps discovered:
D:1:      saegor_arrival_simple_c, layout_basic, hangedman_decor_push
D:2:      layout_basic
D:3:      layout_loops_ring, tso_oasis_becter,
          beargit_hepliaklqana_dungeon_heroes,
          dreamdust_ecumenical_altar_drowned_temple, serial_shops,
          nicolae_shop_stone, gammafunk_ghost_cemetery, uniq_crazy_yiuf_cottage
D:4:      dreamdust_elfheim, layout_layer_cave,
          gammafunk_temple_overflow_elements,
          minmay_temple_entry_drinking_statues, serial_rivers,
          chequers_serial_rivers_small_b, chequers_serial_rivers_micro_d,
          chequers_serial_rivers_large_b, chequers_serial_rivers_micro_a,
          chequers_serial_rivers_small_b, wad_orctagon
D:5:      layout_basic, mainiacjoe_overflow_alcove_2
D:6:      layout_loops_cross, kennysheep_dice
D:7:      layout_loops_cross, mainiacjoe_overflow_surrounded_room,
          nicolae_kikubaaqudgha_miasma_corner, uniq_prince_ribbit1
D:8:      layout_rooms, lemuel_tele_altar, elyvilon_altar_5, erik_lair_island,
          uniq_erica, uniq_grum
D:9:      minmay_cut_squares, layout_layer_cave
D:10:     layout_roguey, mainiacjoe_overflow_alcove_1, enter_bailey_4,
          hellmonk_guarded_unrand_lears
D:11:     layout_irregular_city, st_stairs_1, kennysheep_generic_room_6,
          uniq_snorg
D:12:     layout_loops_ring, orc_0_dummy, nicolae_looking_at_the_future
D:13:     layout_long_grid, skrybe_vaults_entry_preservation
D:14:     layout_basic, dk_noncrumbling_3, kennysheep_orc_sif_temple,
          uniq_louise, uniq_azrael, uniq_lodul
D:15:     grunt_enter_depths_magical_seal, layout_basic,
          nicolae_dithmenos_shadow_blocks, hangedman_abyss_or_decor_stagger,
          sword_in_stone
Temple:   minmay_temple_forest_path
Lair:1:   layout_small_grid, eino_small_chamber_without_monster,
          serial_bayou_pond_d, minmay_lair_oklob_items, grunt_megastairs_1,
          uniq_gastronok, uniq_urug
Lair:2:   layout_chaotic_city, minmay_snake_entry_guardpost_small,
          serial_bayou_shore_b
Lair:3:   layout_cave_pods, minmay_shoals_entry_beasts,
          hangedman_lair_unloving_vines
Lair:4:   layout_regular_city
Lair:5:   due_jungle_book, layout_regular_city, slime_entry_1,
          gammafunk_ghost_split
Shoals:1: layout_shoals, gammafunk_ghost_cemetery, st_cyclops, uniq_nikola,
          uniq_josephine, uniq_mlioglotl
Shoals:2: layout_shoals, serial_shops, nicolae_shop_advertising_works
          [nicolae_subvault_shop_adworks]
Shoals:3: nicolae_shoals_lighthouse, layout_shoals, nicolae_shoals_c_island,
          uniq_ilsuiw, uniq_polyphemus, uniq_kirke
Shoals:4: shoals_end_grunt_ice, layout_shoals, serial_shops, bzr_in_the_mist
Snake:1:  layout_rooms, serial_shops, shop, nicolae_take_the_stairs,
          dpeg_stationary_puzzle
Snake:2:  layout_rooms, grunt_ministairs_14, minmay_shop_grove, uniq_saint_roka
Snake:3:  layout_misc_corridors, gammafunk_ghost_split
Snake:4:  grunt_snake_rune_pools, layout_cave_town, basic_altar, uniq_bai_suzhen
Orc:1:    layout_diamond_mine, uniq_harold
Orc:2:    grunt_orc_tribal_feast, layout_diamond_mine, mines1_david
Elf:1:    nicolae_elf_arrival_no_cutting_in_line, layout_onion_city,
          portal_ice_cave_entry_dragon, serial_shops, shop_statue, orc_legates,
          st_stairs_11
Elf:2:    nicolae_elf_blades_splatter_lattice
          [nicolae_blade_entry_hurt_lockers], layout_geoelf_diagonals
Elf:3:    minmay_elf_hall_not_hex, layout_gridlike, guppyfry_elf_lava,
          grunt_megastairs_4
Vaults:1: portal_desolation_entry_holy_temple, st_greater_box_4,
          vaults_mumra_minichess_inversion, v_rooms_5, v_misc_10,
          vaults_mumra_chevron, vaults_mumra_hexcomb, layout_vaults_omnigrid
Vaults:2: vaults_mumra_minichess, nicolae_vaults_little_squares_3,
          vaults_room_boxed, hangedman_vaults_corner_blocks,
          nicolae_vaults_network_periphery, nicolae_vaults_border_crossing,
          vaults_room_stairs_pillars, vaults_room_corners, vaults_room_pools,
          vaults_room_corners, vaults_dpeg_diagonal, layout_vaults_chaotic_city
Vaults:3: nicolae_vaults_arrows, hangedman_vaults_stream,
          grunt_vaults_hallway_short, v_pattern_4, hangedman_vaults_stagger,
          hangedman_vaults_variations, nicolae_vaults_little_squares_2,
          v_misc_31, ontoclasm_vaults_gallery, ontoclasm_vaults_decontamination,
          vaults_dpeg_doors, v_alt_pattern_4, grunt_vaults_hallway_long,
          layout_vaults_omnibox, dummy_crypt_entry
Vaults:4: hangedman_vaults_impose, nicolae_vaults_network_square,
          vaults_standard_mumra_enter_the_diamond,
          nicolae_vaults_network_barrier, vaults_room_hallway, v_rooms_1,
          ontoclasm_vaults_pinch, vaults_mumra_chevron_long,
          ontoclasm_vaults_gateway, nicolae_vaults_specimen_jars,
          nicolae_vaults_halls_meeting, grunt_vaults_diagonal,
          vaults_room_corners, layout_vaults_maze_bifur, serial_shops,
          nicolae_shop_competitors_out_of_business
Vaults:5: uniq_frederick, uniq_xtahua
Crypt:1:  layout_catacombs, grunt_crypt_arrival_split
Crypt:2:  layout_chaotic_city, minmay_guarded_unrand_curses, grunt_megastairs_5,
          uniq_josephina
Crypt:3:  evilmike_haunted_forest
Depths:1: layout_gridlike, nicolae_lava_and_water, grunt_hell_entry_dis_mu,
          serial_shops, nicolae_shop_bloodbath_and_beyond,
          chequers_serial_rivers_small_a, minmay_misc_feat_ornament,
          columned_hall_lemuel, chequers_serial_rivers_micro_c,
          chequers_serial_rivers_small_a, kennysheep_path_1,
          nicolae_qazlal_eye_of_the_storm, serial_bayou_shore_b,
          uniq_enchantress
Depths:2: minmay_the_grid_triangle_9x9_rhombus_full_mashed
          [minmay_the_grid_triangle_9x9_warning,
          minmay_the_grid_triangle_9x9_zippers_vertical,
          minmay_the_grid_triangle_9x9_windchime,
          minmay_the_grid_triangle_9x9_alien,
          minmay_the_grid_triangle_9x9_fully_insulated_deathbox,
          minmay_the_grid_triangle_9x9_dagger,
          minmay_the_grid_triangle_9x9_swiss_cheese,
          minmay_the_grid_triangle_9x9_prize_insulated], layout_honeycomb,
          enter_ziggurat_a, lightli_too_deep, hangedman_abyss_or_decor_passed,
          hangedman_abyss_entry_splay, pan_entry, infiniplex_staircase_x,
          uniq_aizul, uniq_sojobo
Depths:3: kennysheep_spiral_hall, layout_gridville, pf_coc_iceberg, abyss_entry,
          xom_teletrap_fun, minmay_misc_feat_alley, minmay_staircase_statues
Depths:4: grunt_zot_entry_tricorne, layout_basic, hell_entry
Zot:1:    layout_twisted_circle, gammafunk_ghost_split
Zot:2:    layout_misc_corridors
Zot:3:    layout_onion, grunt_ministairs_6, st_grand_hoard_of_tiamat
Zot:4:    infiniplex_zot_generator, layout_misc_corridors
Zot:5:    layout_twisted_circle

Skill      XL: |  1  2  3  4  5  6  7  8  9 10 11 12 13 14 15 16 17 18 19 20 21 22 23 24 25 26 27 |
---------------+----------------------------------------------------------------------------------+-----
Short Blades   | 2 3 4 5 7 8 9 10 | 10.0
Shields        | 3 4 5 7 10 11 13 15 16 17 | 17.0
Fighting       | 3 4 6 8 10 12 13 14 15 16 17 18 19 20 21 22 23 25 | 25.6
Armour         | 4 5 7 9 10 11 12 13 14 15 16 17 18 19 | 19.0
Invocations    | 5 8 11 14 15 16 17 18 19 20 21 22 23 24 27 | 27.0
Stealth        | 2 5 7 10 13 15 16 20 | 20.0
Dodging        | 3 7 10 11 12 | 12.0
Evocations     | 4 5 |  5.0
Spellcasting   | 5 |  5.0

Action                   |  1- 3 |  4- 6 |  7- 9 | 10-12 | 13-15 | 16-18 | 19-21 | 22-24 | 25-27 || total
-------------------------+-------+-------+-------+-------+-------+-------+-------+-------+-------++-------
Melee: Rapier            |     8 |       |       |       |       |       |       |       |       ||     8
       Bite              |    18 |    26 |    47 |   245 |   793 |   912 |  1301 |  1346 |  1964 ||  6652
       Dagger            |    88 |    94 |   211 |   441 |       |       |       |       |       ||   834
       Quick blade       |       |       |       |   195 |  1526 |  1838 |  2287 |  2515 |  3316 || 11677
Throw: Javelin           |       |       |     7 |       |       |       |       |       |       ||     7
Invok: Line Pass         |       |       |       |     2 |    11 |    14 |    17 |    15 |     6 ||    65
       Stomp             |       |       |       |       |     4 |     9 |    14 |    13 |    12 ||    52
       Grand Finale      |       |       |       |       |     2 |     2 |     3 |       |     8 ||    15
Evoke: Wand              |       |       |       |     2 |       |       |       |       |       ||     2
  Use: Scroll            |       |     1 |       |    14 |    13 |     7 |     8 |     2 |     9 ||    54
       Potion            |       |       |     5 |     3 |       |     2 |     2 |     1 |     3 ||    16
 Stab: Paralysed         |       |       |       |    32 |   116 |   130 |   154 |   177 |   247 ||   856
       Confused          |       |       |       |       |     8 |    11 |    19 |    18 |     9 ||    65
       Distracted        |       |       |       |       |       |     1 |     1 |       |       ||     2
       Held in net/web   |       |       |       |       |       |     2 |       |       |       ||     2
       Petrified         |       |       |       |       |       |     2 |       |       |       ||     2
       Sleeping          |       |       |       |       |       |       |     6 |       |       ||     6
Armor: Scale mail        |    26 |    29 |    15 |    32 |       |       |       |       |       ||   102
       Chain mail        |       |       |    25 |   117 |   341 |   553 |   394 |       |       ||  1430
       Skin              |       |       |    14 |     3 |       |       |       |       |       ||    17
       Crystal plate arm |       |       |       |       |       |       |   249 |   719 |   948 ||  1916
Dodge: Dodged            |    23 |    24 |    31 |    89 |   134 |   227 |   252 |   382 |   496 ||  1658
Block: Buckler           |    21 |    24 |    73 |    20 |       |       |       |       |       ||   138
       Reflection        |       |       |     3 |    30 |       |       |       |       |       ||    33
       Kite shield       |       |       |       |   384 |   601 |   892 |   899 |   913 |  1128 ||  4817
